 Dungeon Crawl Stone Soup version 0.21-a0-371-gd56c60c (webtiles) character file.

15 JackS81 the Grave Robber (level 2, 0/19 HPs)
             Began as a Demonspawn Necromancer on Oct 16, 2017.
             Slain by a goblin
             ... wielding a +0 club
              (2 damage)
             ... on level 1 of the Dungeon.
             The game lasted 00:03:02 (621 turns).

JackS81 the Grave Robber (Demonspawn Necromancer)    Turns: 621, Time: 00:03:03

Health: 0/19       AC:  2    Str:  8    XL:     2   Next: 34%
Magic:  4/5        EV: 12    Int: 16    God:
Gold:   27         SH:  0    Dex: 13    Spells: 3/5 levels left

rFire    + . .     SeeInvis .   g - +0 short sword
rCold    . . .     Gourm    .   (no shield)
rNeg     . . .     Faith    .   a - +0 robe
rPois    .         Spirit   .   (no helmet)
rElec    .         Reflect  .   (no cloak)
rCorr    .         Harm     .   (no gloves)
MR       .....                  (no boots)
Stlth    ++........             (no amulet)
HPRegen  0.06/turn              (no ring)
MPRegen  0.09/turn              (no ring)

@: no status effects
A: fire resistance 1
a: no special abilities


You were on level 1 of the Dungeon.
You were not hungry.

You visited 1 branch of the dungeon, and saw 1 of its levels.

You collected 27 gold pieces.

Inventory:

Hand Weapons
 g - a +0 short sword (weapon)
Armour
 a - a +0 robe (worn)
Jewellery
 e - an uncursed amulet of regeneration {unknown}
Scrolls
 d - a scroll of teleportation {unknown}
 f - a scroll of amnesia {unknown}
 j - a scroll of recharging {unknown}
Potions
 h - a potion of flight {unknown}
 i - 2 potions of might {unknown}
Books
 b - a book of Necromancy

   Spells                             Type                      Level
   a - Pain                           Necromancy                   1
   b - Animate Skeleton               Necromancy                   1
   c - Vampiric Draining              Necromancy                   3
   d - Regeneration                   Charms/Necromancy            3
   e - Animate Dead                   Necromancy                   4
   f - Control Undead                 Necromancy                   4
Comestibles
 c - 2 bread rations


   Skills:
 - Level 1.7 Dodging
 - Level 1.7 Stealth
 - Level 2.0 Spellcasting
 * Level 5.1 Necromancy


You had 3 spell levels left.
You knew the following spells:

 Your Spells              Type           Power        Failure   Level  Hunger
a - Pain                  Necr           ###.         2%          1    #......
b - Animate Skeleton      Necr           N/A          2%          1    #......


Dungeon Overview and Level Annotations

Branches:
Dungeon (1/15)

Altars:


Innate Abilities, Weirdness & Mutations

Your flesh is heat resistant. (rF+)


Message History

You see here a stone.
The goblin shouts!
You hit the goblin.
The goblin is moderately wounded.
The kobold throws a stone.
The stone hits you. The goblin closely misses you.
You barely miss the goblin.
The goblin is moderately wounded.
The goblin closely misses you. The goblin closely misses you. x2
Casting: Pain
Confirm with . or Enter, or press ? or * to list all spells.
Aiming: Pain
Press: ? - help, Shift-Dir - straight line, f - goblin
Aim: a goblin, wielding a dagger (moderately wounded, chance to defeat MR: 89%)
The goblin barely resists.
The goblin hits you with a dagger.
* * * LOW HITPOINT WARNING * * *
The goblin barely misses your kobold skeleton.
Your kobold skeleton hits the goblin but does no damage.
The goblin hits you with a club.
You die...

#........+..........#
#.).....%######.....#
#........# ###.....#
#........####.....###
#######........Z.##
###........#
#..........#
#####...#####
#.##@Z..# +.##g.g.#
####..(.# #....#
#....# ...K..#
.......# +.....###
#.....#


You could see 2 goblins, a kobold and a friendly kobold skeleton.

Vanquished Creatures
  2 dart slugs (D:1)
  A hobgoblin (D:1)
  4 bats (D:1)
  2 kobolds (D:1)
  A rat (D:1)
10 creatures vanquished.

Vanquished Creatures (collateral kills)
  A dart slug (D:1)
  A kobold (D:1)
  A rat (D:1)
3 creatures vanquished.

Grand Total: 13 creatures vanquished

Notes
Turn   | Place    | Note
-------+----------+-------------------------------------------
     0 | D:1      | JackS81 the Demonspawn Necromancer began the quest for the Orb.
     0 | D:1      | Reached XP level 1. HP: 13/13 MP: 3/3
     2 | D:1      | Learned a level 1 spell: Animate Skeleton
   265 | D:1      | Reached skill level 5 in Necromancy
   265 | D:1      | Gained mutation: Your flesh is heat resistant. (rF+) [demonic ancestry]
   265 | D:1      | Reached XP level 2. HP: 14/19 MP: 5/5
   621 | D:1      | Slain by a goblin

Vault maps used:
D:1:      eino_arrival_tree_alley, doesnt_xom_only_xom

Skill      XL: |  1 |
---------------+----+-----
Necromancy     | 5 |  5.1
Dodging        | |  1.7
Stealth        | |  1.7
Spellcasting   | |  2.0

Action                   || total
-------------------------++-------
Melee: Unarmed           ||    27
       Short sword       ||    24
 Cast: Pain              ||    10
       Animate Skeleton  ||     3
 Stab: Sleeping          ||     2
Armor: Robe              ||     9
Dodge: Dodged            ||    31

Table legend:
 A = Spawn XP
 B = Non-spawn XP
 C = Spawn XP percentage of total XP
 D = Spawn monster count
 E = Non-spawn monster count
 F = Spawn count percentage of total count
 G = Total turns spent on level
                    A         B        C        D         E        F      G
               +---------+---------+-------+---------+---------+-------+---------
         Total |       0 |      22 |   0.0 |       0 |      13 |   0.0 |   621
               +---------+---------+-------+---------+---------+-------+---------
           D:1 |       0 |      22 |   0.0 |       0 |      13 |   0.0 |   621
               +---------+---------+-------+---------+---------+-------+---------
